 Dungeon Crawl Stone Soup version 0.31-a0-983-g7b6862f502 (webtiles) character file.

Game seed: 1877183246022210908

10126 garrulousMonolith the Carver (level 11, -8/86 HPs)
             Began as a Demonspawn Berserker on Nov 2, 2023.
             Was an Elder of Trog.
             Mangled by a rust devil (10 damage)
             ... summoned by a kobold demonologist
             ... on level 11 of the Dungeon.
             The game lasted 00:16:20 (10267 turns).

garrulousMonolith the Carver (DsBe)                Turns: 10267, Time: 00:16:20

Health: -8/86      AC: -10   Str: 20    XL:     11   Next: 32%
Magic:  11/11      EV: 11    Int:  8    God:    Trog [****..]
Gold:   363        SH:  6    Dex: 21    Spells: 10/10 levels left

rFire   + . .        k - +4 rapier of Ywock {freeze, rF+ rC++}
rCold   + + .        i - +0 buckler
rNeg    . . .        e - +0 plate armour
rPois   +            (helmet restricted)
rElec   .            (no cloak)
rCorr   .            (no gloves)
SInv    .            (no boots)
Will    ++...        V - amulet of regeneration Stlth
                     F - ring of poison resistance
HPRegen 2.14/turn    O - +6 ring of dexterity
MPRegen 0.12/turn

%: no passive effects
@: strong-willed, corroded, on berserk cooldown, regenerating
A: antennae 2, repulsion field 1, powered by death 2, condensation shield
a: Renounce Religion, Berserk, Trog's Hand, Brothers in Arms


You were on level 11 of the Dungeon.
You worshipped Trog.
Trog was greatly pleased with you.
You visited 1 branch of the dungeon, and saw 11 of its levels.
You also visited: Sewer and Ossuary.

You collected 460 gold pieces.
You spent 97 gold pieces at shops.

Inventory:

Hand Weapons
 a - a +0 falchion
 k - the +4 rapier of Ywock (weapon) {freeze, rF+ rC++}
   (You found it on level 1 of the Dungeon)

   rF+:       It protects you from fire.
   rC++:      It greatly protects you from cold.
 o - a +3 short sword of electrocution
 p - a +0 great sword
 t - a +2 dagger of venom
 G - a +0 scimitar
Missiles
 d - 4 throwing nets
 I - 25 poisoned darts
Armour
 e - a +0 plate armour (worn)
 i - a +0 buckler (worn)
 C - a +0 troll leather armour {Pargi}
Jewellery
 b - a +6 ring of dexterity
 l - a ring of see invisible
 u - a ring of resist corrosion
 F - a ring of poison resistance (left hand)
 O - a +6 ring of dexterity (right hand)
 T - a +5 ring of evasion
 V - an amulet of regeneration (around neck)
 W - a +5 ring of evasion
Wands
 v - a wand of quicksilver (7)
 M - a wand of iceblast (7)
 Q - a wand of flame (13)
 S - a wand of paralysis (5)
Scrolls
 j - 4 scrolls of fog
 m - a scroll of enchant armour {unknown}
 n - 2 scrolls of vulnerability
 q - a scroll of torment {unknown}
 r - 3 scrolls of noise
 s - 3 scrolls of enchant weapon
 y - 4 scrolls of blinking {unknown}
 B - 2 scrolls of fear
 E - 2 scrolls of teleportation {unknown}
 H - 5 scrolls of poison {unknown}
 L - a scroll of revelation
 N - a scroll of brand weapon {unknown}
 P - a scroll of amnesia {unknown}
 U - a scroll of immolation {unknown}
Potions
 c - 3 potions of haste
 f - 2 potions of enlightenment
 g - 2 potions of attraction
 h - 4 potions of berserk rage
 x - a potion of might
 z - 4 potions of mutation
 A - 2 potions of magic
 D - a potion of degeneration {unknown}
 J - a potion of lignification {unknown}
 K - 2 potions of curing
 R - 2 potions of ambrosia


   Skills:
 + Level 8.1 Fighting
 * Level 10.1 Long Blades
 + Level 7.0 Armour
 + Level 6.8 Dodging
 + Level 6.3 Shields


You had 10 spell levels left.
You didn't know any spells.
Your spell library was empty.

Dungeon Overview and Level Annotations

Branches:
Dungeon (11/15)            Temple (0/1) D:7            Lair (0/5) D:8
  Sewer (visited)         Ossuary (visited)
    Orc: D:9-12

Altars:
Dithmenos
Gozag
Nemelex Xobeh
Trog

Shops:
D:1 *   D:4 ?   D:10 *

Annotations:
D:7 Jeremiah


Innate Abilities, Weirdness & Mutations

You have a pair of antennae on your head.
You are surrounded by a mild repulsion field. (EV +2)
You regenerate health from kills.
A meltable shield of frost defends you. (SH +0)


Message History

* * * LOW HITPOINT WARNING * * *
The white imp gestures at you. The puff of frost hits you. You resist.
* * * LOW HITPOINT WARNING * * *
You block the white imp's attack. The rust devil hits you.
* * * LOW HITPOINT WARNING * * *
The rust devil corrodes you!
The kobold demonologist mumbles some strange words.
Your skin crawls.
You feel strong-willed. The ice devil barely misses you.
The white imp gestures at you. The puff of frost hits you. You resist.
* * * LOW HITPOINT WARNING * * *
The white imp gestures at you. The puff of frost hits you. You resist.
* * * LOW HITPOINT WARNING * * *
The rust devil hits you.
* * * LOW HITPOINT WARNING * * *
The rust devil corrodes you! The sun demon misses you.
The kobold demonologist casts a cantrip, but nothing happens.
You feel much better. The ice devil hits you. The ice devil freezes you.
You resist.
* * * LOW HITPOINT WARNING * * *
The white imp barely misses you. The white imp gestures at you.
You block the puff of frost. The rust devil closely misses you.
You block the sun demon's attack.
The kobold demonologist barely misses you.
You hit the kobold demonologist but do no damage.
The kobold demonologist is moderately wounded.
The ice devil closely misses you. You block the white imp's attack.
The white imp misses you. The sun demon hits you!
* * * LOW HITPOINT WARNING * * *
You are engulfed in flames!
Your condensation shield dissipates!
You resist.
* * * LOW HITPOINT WARNING * * *
The rust devil hits you!
You die...

#### {
#.###..#
#......#
##+####..(...#
#............#
#.........#..#
#.........#..#
#.........#..#
#...345......#
#.###@4......#
#K5......#
#5...#...#
......#...#
............#
.......!....#
............#
............#


You could see a sun demon (summoned), an ice devil (summoned), a rust devil
(summoned), a kobold demonologist, 2 white imps and an ufetubus (summoned).

Vanquished Creatures
  2 two-headed ogres
  A manticore (D:11)
  An unseen horror (D:10)
  3 trolls
  2 hornets
  Prince Ribbit (D:7)
  2 wraiths
  8 yaks
  3 steam dragons
  4 vampire mosquitoes (D:9)
  Menkaure (D:7)
  2 water moccasins
  A hornet zombie (D:7)
  Pargi (Sewer)
  2 orc warriors
  2 ogres
  3 centaurs
  2 kobold brigands
  Blork the orc (D:6)
  A wyvern zombie (D:7)
  A bullfrog (D:9)
  6 scorpions
  4 gnoll sergeants
  9 wights
  16 killer bees
  2 howler monkeys (D:9)
  A bullfrog zombie (D:7)
  2 centaur zombies
  3 human zombies (Ossuary)
  3 gnoll boudas
  2 hounds
  A jelly (D:8)
  5 orc priests
  3 sleepcaps
  2 iguanas
  5 scorpion zombies (Ossuary)
  4 orc wizards
  3 killer bee zombies (D:7)
  3 mummies (Ossuary)
  Robin (D:2)
  29 gnolls
  5 adders
  5 white imps
  2 ufetubi (D:5)
  A worm (D:3)
  A dart slug (D:5)
  24 orcs
  7 endoplasms
  7 giant cockroaches
  A gnoll zombie (Ossuary)
  18 goblins
  10 hobgoblins
  3 jackals (D:1)
  18 kobolds
  6 quokkas
  9 ball pythons
  8 bats
  5 frilled lizards
  2 goblin zombies (Ossuary)
  2 hobgoblin zombies (Ossuary)
  3 kobold zombies (Ossuary)
  An orc zombie (Ossuary)
  6 rats
292 creatures vanquished.

Vanquished Creatures (others)
  A shadow imp (D:7)
  An orc (D:7)
2 creatures vanquished.

Grand Total: 294 creatures vanquished

Notes
Turn   | Place    | Note
-------+----------+-------------------------------------------
     0 | D:1      | garrulousMonolith the Demonspawn Berserker began the quest
                  | for the Orb.
     0 | D:1      | Reached XP level 1. HP: 18/18 MP: 1/1
   185 | D:1      | Gained mutation: You are surrounded by a mild repulsion
                  | field. (EV +2) [demonic ancestry]
   185 | D:1      | Reached XP level 2. HP: 23/24 MP: 2/2
   211 | D:1      | Reached skill level 3 in Long Blades
   482 | D:1      | Found Lecug's Assorted Antiques.
   484 | D:1      | Reached ** piety under Trog
   515 | D:1      | Reached XP level 3. HP: 26/29 MP: 3/3
   686 | D:1      | Found a faded altar of an unknown god.
   714 | D:1      | Identified the +4 rapier of Ywock {freeze, rF+ rC++}
  1122 | D:2      | Noticed Robin
  1278 | D:2      | Killed Robin
  1279 | D:2      | Gained mutation: A meltable shield of frost defends you.
                  | (SH +0) [demonic ancestry]
  1279 | D:2      | Reached XP level 4. HP: 35/35 MP: 4/4
  1727 | D:3      | Found a shadowy altar of Dithmenos.
  1728 | D:3      | Reached *** piety under Trog
  1768 | D:3      | Reached skill level 1 in Shields
  1880 | D:3      | Gained mutation: You have a pair of small antennae on your
                  | head. [demonic ancestry]
  1880 | D:3      | Reached XP level 5. HP: 42/42 MP: 5/5
  1922 | D:3      | Found a glowing drain.
  1943 | Sewer    | Entered a sewer
  2021 | Sewer    | Noticed Pargi
  2036 | Sewer    | Killed Pargi
  2037 | Sewer    | Reached skill level 4 in Long Blades
  2426 | D:3      | Found an opulent altar of Gozag.
  2545 | D:4      | Reached XP level 6. HP: 48/48 MP: 6/6
  2628 | D:4      | Found Futrauli's Magic Scroll Boutique.
  2631 | D:4      | Bought a scroll of revelation for 97 gold pieces
  3087 | D:5      | Entered Level 5 of the Dungeon
  3133 | D:5      | Found a sand-covered staircase.
  3147 | Ossuary  | Entered an ossuary
  3500 | Ossuary  | Gained mutation: You have a pair of antennae on your head.
                  | [demonic ancestry]
  3500 | Ossuary  | Reached XP level 7. HP: 50/55 MP: 7/7
  3503 | Ossuary  | Reached skill level 5 in Long Blades
  3651 | Ossuary  | Reached **** piety under Trog
  3977 | D:5      | Gained mutation: You regenerate a little health from kills.
                  | [demonic ancestry]
  3977 | D:5      | Reached XP level 8. HP: 51/61 MP: 8/8
  4133 | D:5      | Reached skill level 5 in Fighting
  4417 | D:6      | Reached skill level 6 in Long Blades
  4967 | D:6      | Noticed Blork the orc
  4974 | D:6      | Killed Blork the orc
  5076 | D:7      | Noticed Prince Ribbit
  5106 | D:7      | Noticed a hornet
  5113 | D:7      | Paralysed by a hornet for 1 turns
  5121 | D:7      | Killed a hornet
  5554 | D:7      | Noticed Menkaure
  5570 | D:7      | Killed Menkaure
  5571 | D:7      | Reached skill level 7 in Long Blades
  5571 | D:7      | Reached XP level 9. HP: 48/69 MP: 9/9
  5799 | D:7      | Reached skill level 5 in Armour
  5992 | D:7      | Killed Prince Ribbit
  5993 | D:7      | Reached skill level 5 in Dodging
  6008 | D:7      | Noticed a troll
  6032 | D:7      | Killed a troll
  6098 | D:7      | Reached skill level 8 in Long Blades
  6304 | D:7      | Noticed Jeremiah
  6725 | D:7      | Found a staircase to the Ecumenical Temple.
  6739 | D:7      | Reached XP level 10. HP: 77/77 MP: 10/10
  6936 | D:8      | Found a staircase to the Lair.
  7094 | D:8      | Found a sparkling altar of Nemelex Xobeh.
  7360 | D:9      | Reached skill level 5 in Shields
  7777 | D:9      | Identified the +0 scale mail "Xeicky" {Regen+ Str+6 Int-2}
  7920 | D:9      | Reached skill level 9 in Long Blades
  8584 | D:10     | Entered Level 10 of the Dungeon
  8627 | D:10     | Found Huodd's Elemental Accessories.
  8697 | D:10     | Noticed a two-headed ogre
  8713 | D:10     | Killed a two-headed ogre
  9234 | D:10     | Identified the +4 robe of Poor Excuses {rF+}
  9269 | D:10     | Identified the +3 sling "Wahasot" {flame, rC- Dex+3}
  9381 | D:10     | Gained mutation: You regenerate health from kills. [demonic
                  | ancestry]
  9381 | D:10     | Reached XP level 11. HP: 69/85 MP: 11/11
  9962 | D:11     | Found a bloodstained altar of Trog.
 10060 | D:11     | Reached skill level 10 in Long Blades
 10216 | D:11     | Noticed a two-headed ogre
 10233 | D:11     | Killed a two-headed ogre
 10265 | D:11     | Noticed a sun demon
 10267 | D:11     | HP: 2/86 [sun demon[a kobold demonologist] (8)]
 10267 | D:11     | Mangled by a rust devil

Illustrated notes

Levels and vault maps discovered:
D:1:      sevenhm_arrival_forest_fort_large_4, layout_basic, serial_shops,
          nicolae_shop_tiny_statue_garden, hellmonk_ecumenical_altar_lost_god,
          minmay_splitting_lines
D:2:      layout_rooms, minmay_misc_feat_room, minmay_fractal_squares_5,
          uniq_robin
D:3:      layout_basic, grunt_gozag_statues,
          nicolae_dithmenos_through_a_glass_darkly, portal_sewer_entry_f
D:4:      layout_gridville, serial_shops, nicolae_shop_real_fake_doors
D:5:      layout_rooms, mainiacjoe_overflow_brackets,
          mainiacjoe_ossuary_entry_dusty_tomb
D:6:      layout_loops_ring, mainiacjoe_overflow_concentric_impassable,
          uniq_blork_the_orc
D:7:      layout_basic, nicolae_yredelemnul_corpse_copse, lemuel_tele_altar,
          minmay_temple_entry_enclosed_plants, serial_bayou_pond_d,
          serial_bayou_pond_d, minmay_fractal_squares_diagonal_5,
          uniq_prince_ribbit1, uniq_jeremiah, uniq_menkaure
D:8:      layout_loops_ring, nemelex_diamond_rough_becter, lair_entry_dummy
D:9:      layout_roguey, grunt_ministairs_1
D:10:     layout_small_grid, nicolae_elemental_shop
D:11:     layout_stronghold, trog_hazing_becter

Skill      XL: |  1  2  3  4  5  6  7  8  9 10 11 |
---------------+----------------------------------+-----
Armour         | 2 3 4 5 6 7 |  7.0
Long Blades    | 3 4 5 7 8 9 10 | 10.1
Dodging        | 2 3 4 5 6 |  6.8
Shields        | 1 2 3 4 5 6 |  6.3
Fighting       | 4 5 6 7 8 |  8.1

Action                     |  1- 3 |  4- 6 |  7- 9 | 10-12 || total
---------------------------+-------+-------+-------+-------++-------
  Melee: Falchion          |    83 |       |       |       ||    83
         Rapier            |    40 |   241 |   398 |   442 ||  1121
         Dagger            |       |       |    69 |       ||    69
         Short sword       |       |       |    25 |       ||    25
 Invoke: Berserk           |     4 |     1 |     8 |     3 ||    16
         Trog's Hand       |     1 |     2 |     9 |     6 ||    18
  Evoke: Wand              |       |       |       |     1 ||     1
    Use: Scroll            |     2 |     5 |     4 |     5 ||    16
         Potion            |       |     1 |     4 |     2 ||     7
 Armour: Animal skin       |    32 |       |       |       ||    32
         Plate armour      |    95 |   189 |   356 |   322 ||   962
  Dodge: Dodged            |   102 |    77 |   216 |   227 ||   622
  Block: Buckler           |    16 |   111 |   250 |   279 ||   656

Table legend: (Time is in decaauts)
 A = Elapsed time spent in this place.
 B = Non-inter-level travel time spent in this place.
 C = Inter-level travel time spent in this place.
 D = Time resting spent in this place.
 E = Time spent auto-exploring this place.
 F = Levels seen in this place.
 G = Mean time per level.
                   A        B        C        D        E       F      G
               +--------+--------+--------+--------+--------+-----+--------+
         Total |  10496 |  10269 |    227 |    932 |   6552 |  13 |  807.4 |
       Dungeon |   9525 |   9298 |    227 |    748 |   6195 |  11 |  865.9 |
         Sewer |    222 |    222 |      0 |      0 |    114 |   1 |  222.0 |
       Ossuary |    749 |    749 |      0 |    184 |    242 |   1 |  749.0 |
               +--------+--------+--------+--------+--------+-----+--------+

Top non-repeatable levels by time:
     D:1: 1309 daAuts
     D:9: 1289 daAuts
     D:7: 1283 daAuts
    D:10: 1081 daAuts
     D:8: 981 daAuts
 Ossuary: 749 daAuts
     D:6: 689 daAuts
     D:5: 610 daAuts
     D:3: 606 daAuts
    D:11: 605 daAuts
     D:4: 598 daAuts
     D:2: 469 daAuts
   Sewer: 222 daAuts
